 Dungeon Crawl Stone Soup version 0.21-a0-632-g1e37ce5 (webtiles) character file.

91 slep the Chopper (level 4, -5/23 HPs)
             Began as a Vine Stalker Gladiator on Dec 28, 2017.
             Slain by Sigmund
             ... wielding a +0 scythe
              (12 damage)
             ... on level 2 of the Dungeon.
             The game lasted 00:06:06 (989 turns).

slep the Chopper (Vine Stalker Gladiator)            Turns: 989, Time: 00:06:06

Health: -5/23      AC:  5    Str: 16    XL:     4   Next: 59%
Magic:  0/5        EV: 13    Int:  8    God:
Gold:   107        SH:  0    Dex: 17    Spells: 3/3 levels left

rFire    . . .     SeeInvis .   a - +0 war axe
rCold    . . .     Gourm    .   (no shield)
rNeg     . . .     Faith    .   b - +0 leather armour
rPois    .         Spirit   +   c - +0 helmet
rElec    .         Reflect  .   (no cloak)
rCorr    .         Harm     .   (no gloves)
MR       .....                  g - +0 pair of boots
Stlth    ++........             (no amulet)
HPRegen  0.47/turn              (no ring)
MPRegen  0.09/turn              (no ring)

@: lethally poisoned (-5 -> -5)
A: fangs 2, regeneration 1, magic shield, antimagic bite, no potion heal 3, rot
immunity
a: no special abilities


You were on level 2 of the Dungeon.
You were not hungry.

You visited 1 branch of the dungeon, and saw 2 of its levels.

You collected 107 gold pieces.

Inventory:

Hand Weapons
 a - a +0 war axe (weapon)
Missiles
 d - 3 throwing nets (quivered)
 h - 44 sling bullets
Armour
 b - a +0 leather armour (worn)
 c - a +0 helmet (worn)
 g - a +0 pair of boots (worn)
Scrolls
 e - 6 scrolls of identify {unknown}
 i - a scroll of blinking {unknown}
 k - a scroll of immolation {unknown}
 l - a scroll of fear {unknown}
Potions
 j - a potion of flight {unknown}
 m - a potion of agility {unknown}
 n - a potion of curing {unknown}
Comestibles
 f - 4 rations


   Skills:
 + Level 2.4 Fighting
 + Level 3.6 Axes
 + Level 2.0 Throwing
 + Level 0.3 Armour
 + Level 2.8 Dodging
 + Level 1.3 Stealth


You had 3 spell levels left.
You didn't know any spells.

Dungeon Overview and Level Annotations

Branches:
Dungeon (2/15)

Altars:
Elyvilon

Annotations:
D:2 Sigmund


Innate Abilities, Weirdness & Mutations

You have extremely sharp teeth.
Your natural rate of healing is unusually fast.
When hurt, damage is shared between your health and your magic reserves.
Your bite disrupts and absorbs the magic of your enemies.
Potions cannot restore your health.
You are immune to rotting.


Message History

You barely miss the adder.
The adder is moderately wounded.
You feel sick. The adder closely misses you.
You slash the adder!
You kill the adder!
The bat hits you. The bat barely misses you. Something hits you.
You barely miss the bat. You bite the bat. You drain its power.
You feel invigorated.
You kill the bat!
You feel sick. Something barely misses you.
Things that are here:
a bat corpse; an adder corpse You barely miss something.
Your bite misses something. Something hits you but does no damage.
You closely miss something. Your bite misses something. Something hits you.
You closely miss something.
You feel sick. Something hits you.
You slash something! You bite something. Something hits you.
You closely miss something. Your bite misses something. Something hits you!
Ouch! That really hurt!
You die...

.. $ #. #.###.
#####. ...# .....
...... #..# #...#
####. #..# #...#
# #. #..#
#...###.### #.
#..# #..).....>#
#. #..# #..{.# #.
#..# #@# #. #..#
#.###.#.# #.
#..######........
#.
#.............(##
#.
#.####..........#
#. #.#
#.#######.#. #.
#.####.# # #.
##......# #.
#...##### #.


There were no monsters in sight!

Vanquished Creatures
  Robin (D:2)
  A worker ant zombie (D:2)
  An adder (D:2)
  An ooze (D:1)
  A worm (D:2)
  2 dart slugs (D:1)
  3 bats
  2 giant cockroaches
  8 hobgoblins
  3 jackals (D:1)
  A quokka (D:2)
  2 ball pythons
  A frilled lizard (D:1)
  14 goblins
  3 kobolds
44 creatures vanquished.

Vanquished Creatures (others)
  A quokka (D:2)
1 creature vanquished.

Grand Total: 45 creatures vanquished

Notes
Turn   | Place    | Note
-------+----------+-------------------------------------------
     0 | D:1      | slep the Vine Stalker Gladiator began the quest for the Orb.
     0 | D:1      | Reached XP level 1. HP: 11/11 MP: 2/2
    69 | D:1      | Reached skill level 3 in Axes
    69 | D:1      | Reached XP level 2. HP: 11/15 MP: 3/3
   599 | D:2      | Reached skill level 1 in Stealth
   599 | D:2      | Reached XP level 3. HP: 18/18 MP: 4/4
   817 | D:2      | Found a white marble altar of Elyvilon.
   873 | D:2      | Noticed Robin
   895 | D:2      | Gained mutation: Your natural rate of healing is unusually fast. [Vine Stalker growth]
   895 | D:2      | Reached XP level 4. HP: 21/23 MP: 5/5
   920 | D:2      | Killed Robin
   971 | D:2      | Noticed Sigmund
   989 | D:2      | Slain by Sigmund

Vault maps used:
D:1:      dpeg_arrival_rooms_c
D:2:      elyvilon_altar_4, uniq_sigmund, uniq_robin

Skill      XL: |  1  2 |
---------------+-------+-----
Axes           | 3 |  3.6
Throwing       | 2 |  2.0
Fighting       | 2 |  2.4
Stealth        | 1 |  1.3
Armour         | |  0.3
Dodging        | |  2.8

Action                   |  1- 3 |  4- 6 || total
-------------------------+-------+-------++-------
Melee: War axe           |    70 |    32 ||   102
       Bite              |    20 |    12 ||    32
 Stab: Sleeping          |     5 |       ||     5
Armor: Leather armour    |    21 |    12 ||    33
Dodge: Dodged            |    57 |    29 ||    86

Table legend:
 A = Spawn XP
 B = Non-spawn XP
 C = Spawn XP percentage of total XP
 D = Spawn monster count
 E = Non-spawn monster count
 F = Spawn count percentage of total count
 G = Total turns spent on level
                    A         B        C        D         E        F      G
               +---------+---------+-------+---------+---------+-------+---------
         Total |       0 |     131 |   0.0 |       0 |      44 |   0.0 |   989
               +---------+---------+-------+---------+---------+-------+---------
           D:1 |       0 |      33 |   0.0 |       0 |      14 |   0.0 |   595
           D:2 |       0 |      98 |   0.0 |       0 |      30 |   0.0 |   394
               +---------+---------+-------+---------+---------+-------+---------
